XFBL
MONTREAL EXPOS @ SAN FRANCISCO GIANTS
07/25/1982
 
TOP OF THE 1ST
Montreal Expos batting - Pitching for San Francisco Giants : RHP Wayne Twitchell
Pitching: RHP Wayne Twitchell
Batting: LHB Duane Walker 0-0: Ball
1-0: Ball
2-0: Called Strike
2-1: Ball
3-1: Swinging Strike
3-2: Strikes out looking
Batting: SHB Garry Templeton 0-0: Called Strike
0-1: Ball
1-1: Ball
2-1: Called Strike
2-2: Strikes out swinging
Batting: LHB Kirk Gibson 0-0: Ball
1-0: Called Strike
1-1: Ball
2-1: Ball
3-1: Foul Ball, location: 2F
3-2: Base on Balls
Batting: RHB Dale Murphy 0-0: SINGLE (Groundball, 4MD, EV 109.4 MPH)
Kirk Gibson to second
Runner from 2nd tries for 3rd, SAFE, no throw by CF
Batting: RHB Dave Winfield 0-0: Swinging Strike
0-1: Foul Ball, location: 2F
0-2: Fly out, F5 (Line Drive, 5, EV 72.5 MPH)
Top of the 1st over - 0 runs, 1 hit, 0 errors, 2 left on base; Montreal 0 - San Francisco 0
BOTTOM OF THE 1ST
San Francisco Giants batting - Pitching for Montreal Expos : LHP Frank Riccelli
Pitching: LHP Frank Riccelli
Batting: LHB Ken Griffey Sr 0-0: Foul Ball, location: 2F
0-1: Foul Ball, location: 2F
0-2: Foul Ball, location: 2F
0-2: SINGLE (Line Drive, 8LS, EV 100.0 MPH)
Batting: RHB Kevin Howard 0-0: Called Strike
0-1: Ball
1-1: Foul Ball, location: 2F
1-2: Fly out, F8 (Flyball, 8RD, EV 81.3 MPH)
Batting: LHB Keith Hernandez 0-0: Swinging Strike
0-1: Foul Ball, location: 2F
0-2: Fly out, F7 (Flyball, 7LS, EV 81.3 MPH)
Batting: LHB Kevin Christensen 0-0: Ball
1-0: Called Strike
1-1: Called Strike
1-2: Ball
2-2: Fly out, F4 (Line Drive, 4, EV 68.8 MPH)
Bottom of the 1st over - 0 runs, 1 hit, 0 errors, 1 left on base; Montreal 0 - San Francisco 0
TOP OF THE 2ND
Montreal Expos batting - Pitching for San Francisco Giants : RHP Wayne Twitchell
Batting: LHB Timnothy Meyer 0-0: Ball
1-0: Foul Ball, location: 2F
1-1: Called Strike
1-2: SINGLE (Line Drive, 34, EV 96.3 MPH)
Batting: LHB Ernesto Quevedo 0-0: Foul Ball, location: 2F
0-1: Called Strike
0-2: Foul Ball, location: 2F
0-2: Ball
1-2: Ball
2-2: Ball
3-2: Grounds into double play, 6-4-3 (Groundball, 6, EV 105.0 MPH)
Batting: SHB Biff Pocoroba 0-0: Ball
1-0: Ball
2-0: Foul Ball, location: 2F
2-1: Ground out 6-3 (Groundball, 6MS, EV 86.9 MPH)
Top of the 2nd over - 0 runs, 1 hit, 0 errors, 0 left on base; Montreal 0 - San Francisco 0
BOTTOM OF THE 2ND
San Francisco Giants batting - Pitching for Montreal Expos : LHP Frank Riccelli
Batting: RHB Don Slaught 0-0: Called Strike
0-1: Ball
1-1: Ball
2-1: Fly out, F5 (Popup, 25F, EV 77.5 MPH)
Batting: RHB Dickie Thon 0-0: Fly out, F9 (Flyball, 9D, EV 108.1 MPH)
Batting: RHB Billy L Smith 0-0: Called Strike
0-1: Ball
1-1: Swinging Strike
1-2: Ball
2-2: Ball
3-2: Strikes out swinging
Bottom of the 2nd over - 0 runs, 0 hits, 0 errors, 0 left on base; Montreal 0 - San Francisco 0
TOP OF THE 3RD
Montreal Expos batting - Pitching for San Francisco Giants : RHP Wayne Twitchell
Batting: LHB Frank Riccelli 0-0: Called Strike
0-1: Called Strike
0-2: Strikes out looking
Batting: LHB Duane Walker 0-0: Ball
1-0: Ground out 4-3 (Groundball, 4S, EV 92.5 MPH)
Batting: SHB Garry Templeton 0-0: Ground out 5-3 (Groundball, 56, EV 81.9 MPH)
Top of the 3rd over - 0 runs, 0 hits, 0 errors, 0 left on base; Montreal 0 - San Francisco 0
BOTTOM OF THE 3RD
San Francisco Giants batting - Pitching for Montreal Expos : LHP Frank Riccelli
Batting: SHB Larry Reynolds 0-0: Bunted foul
0-1: Ground out 5-3 (Groundball, 56, EV 103.8 MPH)
Batting: RHB Wayne Twitchell 0-0: Ground out U3 (Groundball, 34S, EV 87.5 MPH)
Batting: LHB Ken Griffey Sr 0-0: Foul Ball, location: 2F
0-1: Ball
1-1: Called Strike
1-2: Foul Ball, location: 2F
1-2: Ground out 6-3 (Groundball, 56, EV 90.6 MPH)
Bottom of the 3rd over - 0 runs, 0 hits, 0 errors, 0 left on base; Montreal 0 - San Francisco 0
TOP OF THE 4TH
Montreal Expos batting - Pitching for San Francisco Giants : RHP Wayne Twitchell
Batting: LHB Kirk Gibson 0-0: Called Strike
0-1: Ball
1-1: Ball
2-1: Called Strike
2-2: Ball
3-2: SINGLE (Groundball, 34D, EV 97.5 MPH)
Batting: RHB Dale Murphy 0-0: Fly out, F4 (Flyball, 34D, EV 93.1 MPH)
Batting: RHB Dave Winfield 0-0: Ball
1-0: Ball
2-0: Foul Ball, location: 2F
2-1: Ball
3-1: SINGLE (Line Drive, 8RM, EV 108.8 MPH)
Kirk Gibson to second
Batting: LHB Timnothy Meyer 0-0: Ball
1-0: Foul Ball, location: 2F
1-1: SINGLE (Flyball, 3D, EV 96.3 MPH)
Kirk Gibson to third
Dave Winfield to second
Batting: LHB Ernesto Quevedo 0-0: Called Strike
0-1: Fielders Choice at 2nd, 6-4 (Groundball, 6, EV 91.9 MPH)
Kirk Gibson scores
Dave Winfield to third
Batting: SHB Biff Pocoroba 0-0: Foul Ball, location: 2F
0-1: Called Strike
0-2: Foul Ball, location: 2F
0-2: Strikes out swinging
Top of the 4th over - 1 run, 3 hits, 0 errors, 2 left on base; Montreal 1 - San Francisco 0
BOTTOM OF THE 4TH
San Francisco Giants batting - Pitching for Montreal Expos : LHP Frank Riccelli
Batting: RHB Kevin Howard 0-0: Ground out 4-3 (Groundball, 4M, EV 88.1 MPH)
Batting: LHB Keith Hernandez 0-0: Ball
1-0: Foul Ball, location: 2F
1-1: Foul Ball, location: 2F
1-2: Strikes out looking
Batting: LHB Kevin Christensen 0-0: Reached on error, E4 (Groundball, 4M, EV 81.9 MPH)
Batting: RHB Don Slaught 0-0: Foul Ball, location: 2F
0-1: Called Strike
0-2: Foul Ball, location: 2F
0-2: Fielders Choice at 2nd, 6-4 (Groundball, 56, EV 88.8 MPH)
Bottom of the 4th over - 0 runs, 0 hits, 1 error, 1 left on base; Montreal 1 - San Francisco 0
TOP OF THE 5TH
Montreal Expos batting - Pitching for San Francisco Giants : RHP Wayne Twitchell
Batting: LHB Frank Riccelli 0-0: Ball
1-0: Swinging Strike
1-1: Swinging Strike
1-2: Ball
2-2: Strikes out swinging
Batting: LHB Duane Walker 0-0: Called Strike
0-1: Ball
1-1: Ball
2-1: Ball
3-1: Base on Balls
Batting: SHB Garry Templeton 0-0: Ball
1-0: Called Strike
1-1: Ball
2-1: Swinging Strike
2-2: Strikes out looking
Batting: LHB Kirk Gibson 0-0: Called Strike
0-1: Ball
1-1: Ball
2-1: Ball
3-1: Foul Ball, location: 2F
3-2: Fly out, F8 (Flyball, 78D, EV 100.0 MPH)
Top of the 5th over - 0 runs, 0 hits, 0 errors, 1 left on base; Montreal 1 - San Francisco 0
BOTTOM OF THE 5TH
San Francisco Giants batting - Pitching for Montreal Expos : LHP Frank Riccelli
Batting: RHB Dickie Thon 0-0: Ball
1-0: Called Strike
1-1: Ball
2-1: SINGLE (Groundball, 34D, EV 99.4 MPH)
Batting: RHB Billy L Smith 0-0: Ball
1-0: Foul Ball, location: 2F
1-1: Fielders Choice at 2nd, 4-6 (Groundball, 34, EV 86.3 MPH)
Batting: SHB Larry Reynolds 0-0: Foul Ball, location: 2F
0-1: Ball
1-1: Ball
2-1: Fielders Choice at 2nd, 5-4 (Groundball, 56S, EV 77.5 MPH)
Batting: RHB Wayne Twitchell 0-0: Swinging Strike
0-1: Called Strike
0-2: Foul Ball, location: 2F
0-2: Ball
1-2: Ball
Wild Pitch!
Larry Reynolds to second
2-2: Strikes out swinging
Bottom of the 5th over - 0 runs, 1 hit, 0 errors, 1 left on base; Montreal 1 - San Francisco 0
TOP OF THE 6TH
Montreal Expos batting - Pitching for San Francisco Giants : RHP Wayne Twitchell
Batting: RHB Dale Murphy 0-0: Foul Ball, location: 2F
0-1: DOUBLE (Line Drive, 89D, EV 106.9 MPH)
Batting: RHB Dave Winfield 0-0: Called Strike
0-1: Ball
1-1: Ground out U3 (Groundball, 34, EV 100.0 MPH)
Dale Murphy to third
Batting: LHB Timnothy Meyer 0-0: SINGLE (Flyball, 6D, EV 93.8 MPH)
Dale Murphy scores
Batting: LHB Ernesto Quevedo 0-0: Called Strike
0-1: Fielders Choice at 2nd, 3-6 (Groundball, 3, EV 83.8 MPH)
Batting: SHB Biff Pocoroba 0-0: Swinging Strike
0-1: Ball
1-1: Foul Ball, location: 2F
1-2: Foul Ball, location: 2F
1-2: Fly out, F8 (Flyball, 8LD, EV 79.4 MPH)
Top of the 6th over - 1 run, 2 hits, 0 errors, 1 left on base; Montreal 2 - San Francisco 0
BOTTOM OF THE 6TH
San Francisco Giants batting - Pitching for Montreal Expos : LHP Frank Riccelli
Batting: LHB Ken Griffey Sr 0-0: Called Strike
0-1: Ball
1-1: SINGLE (Groundball, 4MD, EV 108.8 MPH)
Batting: RHB Kevin Howard 0-0: Ball
1-0: Foul Ball, location: 2F
1-1: Ground out 4-3 (Groundball, 13, EV 91.9 MPH)
Ken Griffey Sr to second
Batting: LHB Keith Hernandez 0-0: Called Strike
Ken Griffey Sr is caught stealing 3rd base 2-5
0-1: Ball
1-1: Ground out U3 (Groundball, 3, EV 90.6 MPH)
Bottom of the 6th over - 0 runs, 1 hit, 0 errors, 0 left on base; Montreal 2 - San Francisco 0
TOP OF THE 7TH
Montreal Expos batting - Pitching for San Francisco Giants : RHP Wayne Twitchell
Batting: LHB Frank Riccelli 0-0: Ball
1-0: Swinging Strike
1-1: Foul Ball, location: 2F
1-2: Strikes out looking
Pitching: LHP Doug Capilla
Batting: LHB Duane Walker 0-0: Ball
1-0: Called Strike
1-1: Swinging Strike
1-2: Strikes out looking
Batting: SHB Garry Templeton 0-0: Swinging Strike
0-1: Called Strike
0-2: Ball
1-2: Ball
2-2: Strikes out swinging
Top of the 7th over - 0 runs, 0 hits, 0 errors, 0 left on base; Montreal 2 - San Francisco 0
BOTTOM OF THE 7TH
San Francisco Giants batting - Pitching for Montreal Expos : LHP Frank Riccelli
Batting: LHB Kevin Christensen 0-0: Ball
1-0: Ball
2-0: Ground out 3-1 (Groundball, 34, EV 81.9 MPH)
Batting: RHB Don Slaught 0-0: Ball
1-0: Ball
2-0: Foul Ball, location: 2F
2-1: Fly out, F9 (Flyball, 89D, EV 83.8 MPH)
Batting: RHB Dickie Thon 0-0: Foul Ball, location: 2F
0-1: Foul Ball, location: 2F
0-2: Ball
1-2: Ball
2-2: Ground out 6-3 (Groundball, 6, EV 78.1 MPH)
Bottom of the 7th over - 0 runs, 0 hits, 0 errors, 0 left on base; Montreal 2 - San Francisco 0
TOP OF THE 8TH
Montreal Expos batting - Pitching for San Francisco Giants : LHP Doug Capilla
Batting: LHB Kirk Gibson 0-0: Ball
1-0: Swinging Strike
1-1: Ball
2-1: Foul Ball, location: 2F
2-2: Foul Ball, location: 2F
2-2: Ground out 4-3 (Groundball, 4, EV 83.1 MPH)
Pitching: RHP Dan O'Brien
Batting: RHB Dale Murphy 0-0: Ball
1-0: Ball
2-0: Foul Ball, location: 2F
2-1: SINGLE (Groundball, 4M, EV 107.5 MPH) (infield hit)
Batting: RHB Dave Winfield 0-0: Called Strike
0-1: Fly out, F8 (Flyball, 78D, EV 82.5 MPH)
Batting: LHB Timnothy Meyer 0-0: Called Strike
0-1: Ball
1-1: DOUBLE (Flyball, 78XD, EV 100.6 MPH)
Dale Murphy to third
Runner from 3rd tries for Home, SAFE, no throw by LF
Batting: LHB Ernesto Quevedo 0-0: Called Strike
0-1: Foul Ball, location: 2F
0-2: Fly out, F5 (Popup, 5SF, EV 76.9 MPH)
Top of the 8th over - 1 run, 2 hits, 0 errors, 1 left on base; Montreal 3 - San Francisco 0
BOTTOM OF THE 8TH
San Francisco Giants batting - Pitching for Montreal Expos : LHP Frank Riccelli
Batting: RHB Billy L Smith 0-0: Called Strike
0-1: Swinging Strike
0-2: Foul Ball, location: 2F
0-2: Foul Ball, location: 2F
0-2: Ball
1-2: Ball
2-2: Ball
3-2: Strikes out swinging
Batting: SHB Larry Reynolds 0-0: Ball
1-0: Ball
2-0: Called Strike
2-1: Foul Ball, location: 2F
2-2: Foul Ball, location: 2F
2-2: Foul Ball, location: 2F
2-2: Fly out, F6 (Line Drive, 6, EV 73.1 MPH)
Pinch Hitting: SHB Tyler O'Dell 0-0: Swinging Strike
0-1: Foul Ball, location: 2F
0-2: Ball
1-2: Ball
2-2: Ball
3-2: Base on Balls
Batting: LHB Ken Griffey Sr 0-0: Ball
1-0: Called Strike
1-1: Ball
2-1: Ball
3-1: Base on Balls
Tyler O'Dell to second
Batting: RHB Kevin Howard 0-0: Ball
1-0: Called Strike
1-1: Fly out, F8 (Flyball, 8RXD, EV 81.9 MPH)
Bottom of the 8th over - 0 runs, 0 hits, 0 errors, 2 left on base; Montreal 3 - San Francisco 0
TOP OF THE 9TH
Montreal Expos batting - Pitching for San Francisco Giants : RHP Dan O'Brien
Pitching: LHP Ken Brett
Batting: SHB Biff Pocoroba 0-0: Called Strike
0-1: Ball
1-1: Foul Ball, location: 2F
1-2: Ball
2-2: Foul Ball, location: 2F
2-2: Foul Ball, location: 2F
2-2: Ball
3-2: SINGLE (Groundball, 6MD, EV 101.3 MPH)
Batting: LHB Frank Riccelli 0-0: Sac Bunt to 23 - play at first, batter OUT! 3-4
Biff Pocoroba to second
Batting: LHB Duane Walker 0-0: Ball
1-0: Swinging Strike
1-1: Foul Ball, location: 2F
1-2: Strikes out swinging
Batting: SHB Garry Templeton 0-0: Foul Ball, location: 2F
0-1: Ball
1-1: Ball
2-1: Ground out 5-3 (Groundball, 25, EV 82.5 MPH)
Top of the 9th over - 0 runs, 1 hit, 0 errors, 1 left on base; Montreal 3 - San Francisco 0
BOTTOM OF THE 9TH
San Francisco Giants batting - Pitching for Montreal Expos : LHP Frank Riccelli
Now in LF: Guonçalo Fernandes
Now in RF: Luis Sanchez
Batting: LHB Keith Hernandez 0-0: Ball
1-0: Called Strike
1-1: SINGLE (Groundball, 6MD, EV 105.0 MPH)
Batting: LHB Kevin Christensen 0-0: Called Strike
0-1: Ball
1-1: Ball
2-1: Swinging Strike
2-2: Fly out, F4 (Popup, 4M, EV 63.1 MPH)
Batting: RHB Don Slaught 0-0: Ball
1-0: SINGLE (Line Drive, 78S, EV 103.1 MPH)
Keith Hernandez to second
Batting: RHB Dickie Thon 0-0: Ball
1-0: Called Strike
1-1: Foul Ball, location: 2F
1-2: Strikes out swinging
Batting: RHB Billy L Smith 0-0: Called Strike
0-1: Called Strike
0-2: Strikes out looking
Bottom of the 9th over - 0 runs, 2 hits, 0 errors, 2 left on base; Montreal 3 - San Francisco 0
Wednesday, August 19th, 2020 - OOTP Baseball 21.5 Build 76